 Dungeon Crawl Stone Soup version 0.26-a0-753-g4680b4fa2e (webtiles) character file.

Game seed: 17779807323233435944

110 Bliebski the Insei (level 4, 0/29 HPs)
             Began as an Octopode Transmuter on Nov 7, 2020.
             Slain by a gnoll
             ... wielding a +0 spear
              (5 damage)
             ... on level 3 of the Dungeon.
             The game lasted 00:03:42 (2290 turns).

Bliebski the Insei (Octopode Transmuter)            Turns: 2290, Time: 00:03:46

Health: 0/29       AC:  8    Str:  9    XL:     4   Next: 91%
Magic:  7/8        EV: 14    Int: 15    God:
Gold:   150        SH:  0    Dex: 13    Spells: 7/8 levels left

rFire    + . .     SeeInvis .   k - +1 flail (protect)
rCold    . . .     Faith    .   (no shield)
rNeg     . . .     Spirit   .   (helmet restricted)
rPois    +         Reflect  .   (no amulet)
rElec    .         Harm     .   c - ring of poison resistance
rCorr    .         Rampage  .   g - ring of protection from fire
MR       .....                  (no ring)
Stlth    ++........             (no ring)
HPRegen  0.09/turn              (no ring)
MPRegen  0.11/turn              (no ring)
                                (no ring)
                                (no ring)

@: protection aura
A: almost no armour, stealthy swim, amphibious, 8 rings, constrict 8, camouflage
1, gelatinous body 1
a: no special abilities


You were on level 3 of the Dungeon.
You visited 1 branch of the dungeon, and saw 3 of its levels.

You collected 150 gold pieces.

Inventory:

Hand Weapons
 i - a +0 rapier
 k - a +1 flail of protection (weapon)
Missiles
 b - 73 stones (quivered)
 h - 60 poisoned darts
Jewellery
 c - a ring of poison resistance (left tentacle)
 g - a ring of protection from fire (right tentacle)
 o - an uncursed ring of resist corrosion {unknown}
Scrolls
 a - a scroll of random uselessness {unknown}
 d - 3 scrolls of remove curse {unknown}
 f - a scroll of enchant weapon {unknown}
 j - 2 scrolls of identify {unknown}
 m - a scroll of enchant armour {unknown}
 n - a scroll of blinking {unknown}
Potions
 e - a potion of haste {unknown}
 l - a potion of magic {unknown}


   Skills:
 + Level 2.1 Fighting
 + Level 2.8 Dodging
 + Level 3.5 Unarmed Combat
 + Level 2.6 Spellcasting
 + Level 2.7 Transmutations


You had 7 spell levels left.
You knew the following spells:

 Your Spells              Type           Power        Failure   Level
a - Beastly Appendage     Tmut           ##....       7%          1

Your spell library contained the following spells:

 Spells                   Type           Power        Failure   Level
 Wereblood                Tmut           ##......     10%         2
 Spider Form              Tmut/Pois      #.........   34%         3
 Ice Form                 Ice/Tmut       #.......     75%         4
 Blade Hands              Tmut           ##........   88%         5


Dungeon Overview and Level Annotations

Branches:
Dungeon (3/15)

Altars:
Dithmenos
Uskayaw


Innate Abilities, Weirdness & Mutations

You cannot wear most types of armour.
You are very stealthy in the water. (Stealth+)
You are amphibious.
You can wear up to eight rings at the same time.
You can use your tentacles to constrict eight enemies at once.
Your skin changes colour to match your surroundings (Stealth+).
Your rubbery body absorbs attacks. (AC +1, EV +1)


Message History

The gnoll misses you.
The gnoll hits you from afar with a +0 spear.
You hit the gnoll.
Your weapon exudes an aura of protection.
Your grab misses the gnoll. Your squeeze misses the gnoll.
The gnoll is heavily wounded.
The gnoll misses you.
The gnoll hits you from afar with a +0 spear.
You hit the gnoll but do no damage. You grab the gnoll.
The gnoll is heavily wounded.
You constrict the gnoll. The gnoll hits you but does no damage.
The gnoll barely misses you. The gnoll completely misses you.
You hit the gnoll. You squeeze the gnoll.
You kill the gnoll!
The kobold hits you with a +0 short sword.
The gnoll hits you from afar with a +0 spear.
* * * LOW HITPOINT WARNING * * *
The kobold barely misses you.
The gnoll hits you from afar with a +0 spear.
You die...

###### #....# ###.##.#
##....#.# #.....†.########
#.......K(.....########.
#.....>@)g..#...K....)..
#..........###......()..
#......##..###..##..###.
###......###..#..###..#
#.........##.....##...#
#......................
#.......##.........##..#
#......####..._...####.#
#.......##....÷....##..##.


You could see a gnoll and a kobold.

Vanquished Creatures
  3 gnolls (D:3)
  2 adders
  A worm (D:3)
  2 dart slugs
  5 leopard geckos
  3 giant cockroaches
  4 hobgoblins
  4 jackals
  A quokka (D:2)
  2 ball pythons
  6 bats
  5 frilled lizards
  8 goblins
  5 kobolds
  A rat (D:2)
52 creatures vanquished.

Notes
Turn   | Place    | Note
-------+----------+-------------------------------------------
     0 | D:1      | Bliebski the Octopode Transmuter began the quest for the
                  | Orb.
     0 | D:1      | Reached XP level 1. HP: 13/13 MP: 3/3
   429 | D:1      | Reached XP level 2. HP: 18/18 MP: 3/5
   809 | D:1      | Reached XP level 3. HP: 21/23 MP: 4/6
  1861 | D:2      | Found a hide-covered altar of Uskayaw.
  1960 | D:3      | Found a shadowy altar of Dithmenos.
  1967 | D:3      | Reached XP level 4. HP: 20/29 MP: 5/7
  2290 | D:3      | Slain by a gnoll

Illustrated notes

Levels and vault maps discovered:
D:1:      giann_bridges, layout_basic
D:2:      layout_loops_ring, lemuel_coloured_pillars_altar
D:3:      layout_basic, nicolae_dithmenos_shadow_blocks,
          okawaru_ov_weapons_minmay

Skill      XL: |  1  2  3  4 |
---------------+-------------+-----
Fighting       | 2 |  2.1
Dodging        | |  2.8
Unarmed Combat | |  3.5
Spellcasting   | |  2.6
Transmutations | |  2.7

Action                   |  1- 3 |  4- 6 || total
-------------------------+-------+-------++-------
Melee: Unarmed           |    56 |       ||    56
       Constrict         |    22 |    10 ||    32
       Tentacles         |     6 |     7 ||    13
       Kick              |    11 |     2 ||    13
       Flail             |    21 |    27 ||    48
       Rapier            |     3 |       ||     3
 Cast: Beastly Appendage |    21 |     2 ||    23
 Stab: Sleeping          |     2 |       ||     2
Armor: Skin              |     7 |     4 ||    11
Dodge: Dodged            |    60 |    29 ||    89

Table legend: (Time is in decaauts)
 A = Elapsed time spent in this place.
 B = Non-inter-level travel time spent in this place.
 C = Inter-level travel time spent in this place.
 D = Time resting spent in this place.
 E = Time spent auto-exploring this place.
 F = Levels seen in this place.
 G = Mean time per level.
                   A        B        C        D        E       F      G
               +--------+--------+--------+--------+--------+-----+--------+
         Total |   2304 |   2246 |     58 |    101 |   1779 |   3 |  768.0 |
       Dungeon |   2304 |   2246 |     58 |    101 |   1779 |   3 |  768.0 |
               +--------+--------+--------+--------+--------+-----+--------+

Top non-repeatable levels by time:
     D:1: 1086 daAuts
     D:2: 851 daAuts
     D:3: 366 daAuts
